 Dungeon Crawl Stone Soup version 0.29.1-13-g9f3cf754e1 (webtiles) character file.

Game seed: 6870346428157864177

5709 ChrisAssaf the Scratcher (level 10, -1/38 HPs)
             Began as a Felid Transmuter on Jan 20, 2023.
             Was a Priest of Hepliaklqana.
             Slain by a balrug
             ... wielding a +0 demon whip of pain
              (2 damage)
             ... on level 3 of the Abyss on Jan 21, 2023.
             The game lasted 01:00:06 (11974 turns).

ChrisAssaf the Scratcher (Felid Transmuter)        Turns: 11974, Time: 01:00:07

Health: -1/38      AC:  2    Str: 10    XL:     10   Next: 48%
Magic:  26/29      EV: 25    Int: 16    God:    Hepliaklqana [***...]
Gold:   296        SH:  0    Dex: 16    Spells: 1/21 levels left
                                        Lives:  0   Deaths: 3

rFire   . . .      SeeInvis +     - Unarmed
rCold   . . .      Faith    .   (shield unavailable)
rNeg    . . .      Spirit   .   (body armour unavailable)
rPois   .          Reflect  .   (helmet unavailable)
rElec   .          Harm     .   (cloak unavailable)
rCorr   .          Rampage  .   (gloves unavailable)
Will    +....                   (boots unavailable)
Stlth   ++++......              q - amulet of regeneration
HPRegen 0.92/turn               a - +4 ring of evasion
MPRegen 0.21/turn               h - ring of magical power

@: freezing walls, quick
A: reduced essence, very small, claws 1, fangs 3, see invisible, speed 1, shaggy
fur 2, stealthy paws, no weapons or thrown items, no armour, multi-lived, wild
magic 1
a: Renounce Religion, Recall Ancestor, Ancestor Identity, Transference


You were on level 3 of the Abyss.
You worshipped Hepliaklqana.
Hepliaklqana was most pleased with you.
You visited 1 branch of the dungeon, and saw 10 of its levels.
You visited the Abyss 1 time.
You also visited: Sewer and Ossuary.

You collected 620 gold pieces.
You spent 324 gold pieces at shops.

Inventory:

Jewellery
 a - a +4 ring of evasion (left paw)
 h - a ring of magical power (right paw)
 q - an amulet of regeneration (around neck)
 w - a ring of magical power
 z - a ring of protection from fire
Wands
 t - a wand of flame (17)
 A - a wand of digging (9)
 B - a wand of paralysis (6)
Scrolls
 e - 2 scrolls of noise
 f - a scroll of silence
 g - 9 scrolls of teleportation
 i - a scroll of amnesia
 j - 2 scrolls of enchant armour
 k - 3 scrolls of butterflies
 o - a scroll of enchant weapon
 x - a scroll of vulnerability
 y - a scroll of poison
 D - a scroll of magic mapping
Potions
 b - 3 potions of brilliance
 c - 3 potions of degeneration
 d - 3 potions of flight
 l - a potion of invisibility {unknown}
 m - 2 potions of haste
 n - 2 potions of might {unknown}
 p - a potion of cancellation {unknown}
 r - a potion of ambrosia {unknown}
 u - a potion of attraction {unknown}
 v - 2 potions of resistance
 C - 2 potions of curing


   Skills:
 * Level 4.8 Fighting
 * Level 6.9 Dodging
 * Level 7.7 Stealth
 * Level 7.9 Unarmed Combat
 * Level 6.0 Spellcasting
 * Level 1.3 Conjurations
 * Level 6.9 Hexes
 * Level 3.4 Necromancy
 * Level 4.5 Translocations
 * Level 5.8 Transmutations
 * Level 1.1 Fire Magic
 * Level 4.0 Ice Magic
 * Level 4.2 Poison Magic
 * Level 3.0 Invocations
 * Level 3.7 Evocations


You had one spell level left.
You knew the following spells:

 Your Spells              Type           Power      Damage    Failure   Level
a - Beastly Appendage     Tmut           60%        N/A       2%          1
b - Ensorcelled Hibernat  Hex/Ice        58%        N/A       4%          2
c - Spider Form           Tmut/Pois      27%        N/A       9%          3
d - Frozen Ramparts       Ice            46%        1d7       12%         3
e - Anguish               Hex/Necr       13%        N/A       22%         4
f - Blink                 Tloc           50%        N/A       5%          2
g - Fireball              Conj/Fire      5%         3d5       95%         5

Your spell library contained the following spells:

 Spells                   Type           Power      Damage    Failure   Level
 Wereblood                Tmut           30%        N/A       3%          2
 Gell's Gravitas          Tloc           25%        N/A       10%         3
 Lesser Beckoning         Tloc           25%        N/A       10%         3
 Teleport Other           Tloc           25%        N/A       10%         3
 Ice Form                 Ice/Tmut       26%        N/A       26%         4
 Petrify                  Tmut/Erth      18%        N/A       47%         4
 Summon Ice Beast         Ice/Summ       14%        N/A       61%         4
 Manifold Assault         Tloc           25%        N/A       61%         5
 Iskenderun's Battlesphe  Conj           11%        2d7       95%         5
 Dispersal                Tloc           12%        N/A       98%         6
 Conjure Ball Lightning   Conj/Air       4%         3x3d6     100%        6
 Orb of Destruction       Conj           5%         9d5       100%        7
 Animate Armour           Summ/Erth      Unusable   N/A       N/A         4

Dungeon Overview and Level Annotations

Branches:
Dungeon (10/15)            Temple (0/1) D:6             Orc (0/2) D:10
  Sewer (visited)         Ossuary (visited)
   Lair: D:8-11

Altars:
Ashenzari
Hepliaklqana
Qazlal
Zin
The Shining One

Shops:
D:1 ?   D:6 ?   D:8 (


Innate Abilities, Weirdness & Mutations

Your life essence is reduced to manifest your ancestor. (-10% HP)
You have sharp claws.
You have razor-sharp teeth.
You have supernaturally acute eyesight. (SInv)
You cover ground quickly. (Speed+)
You are covered in thick fur. (AC +2)
Your paws help you pounce on unaware monsters.
You are incapable of wielding weapons or throwing items.
You cannot wear armour.
You gain extra lives every three experience levels.
Your spells are a little harder to cast, but a little more powerful.


Message History

You swap places.
Okay, then.
Found an escape hatch in the floor.
A wizard comes into view. It is wielding a +0 dagger.
Found Tetuoble's Handbook of Dhcmrlchtdj.
A deep elf pyromancer comes into view. It is wielding a +0 short sword.
Found the Catalogue of Axaxaxas mlö.
The helpless wizard fails to defend itself.
You maul the wizard!!
The wizard is severely wounded.
You hit the wizard.
The wizard is severely wounded.
Your transformation is almost over.
The wizard gestures at you while chanting.
You are cast into the Abyss!
This branch contains the abyssal rune of Zot.
Found a gateway leading deeper into the Abyss.
Nelson is recalled.
Press: ? - help, v - describe, . - travel A gateway leading deeper into the Abyss.
Your transformation has ended.
A balrug comes into view. It is wielding a +0 demon whip of pain.
The balrug shouts!
You hear a shout!
You hear a chilling moan.
Press: ? - help, v - describe, . - travel
Here: a balrug, wielding a +0 demon whip of pain The floor.
Casting: Spider Form (dangerous; 9% risk of failure)
Confirm with . or Enter, or press ? or * to list all spells.
Casting: Frozen Ramparts (dangerous; 12% risk of failure)
Press: ? - help, Dir - look around, f - activate The walls around you are covered in ice.
The balrug is frozen!
The wall freezes the balrug.
Unknown command.
The balrug is frozen!
The wall freezes the balrug!
The balrug hits you with a +0 demon whip of pain!
You are engulfed in flames!!
Ouch! That really hurt!
* * * LOW HITPOINT WARNING * * *
You writhe in agony.
You die...

## ..# . .#. . .
#... ..## #...###..#
#.. . #...
#.....#..... #.. #..
#...# #.... #.. ##.
#.# ##.## ## #..# .
#...#..###...##
......
≈.......#.....#....#
... #...#.2@R.......
.. .. . #
#####.....#.... ...
##...###..... .
#.............
###..#.##..##...
.##..#>##.## . ..
###.. ..... ... #.#
#...


You could see the friendly Nelson the battlemage and a balrug (ally target).

Vanquished Creatures
  Erica (D:9)
  A wizard (D:10)
  Pikel (D:4)
  Maurice (D:8)
  An unseen horror (D:10)
  3 trolls
  3 yaks (D:8)
  2 acid dragons
  A water moccasin (D:9)
  A sky beast (D:8)
  A black bear (D:5)
  2 orc warriors
  An ogre (D:4)
  5 centaurs
  Blork the orc (D:6)
  5 bullfrogs
  2 necrophages
  4 elf zombies (Ossuary)
  A scorpion (D:5)
  A gnoll sergeant (D:6)
  9 wights
  3 killer bees (D:7)
  4 howler monkeys
  A centaur zombie (Ossuary)
  3 hounds
  4 jellies
  3 orc priests
  2 human zombies (Ossuary)
  2 iguanas (D:5)
  2 orc wizards (D:9)
  A hound zombie (Ossuary)
  3 mummies (Ossuary)
  14 gnolls
  7 adders
  2 adder zombies (Ossuary)
  A worm (D:4)
  2 dart slugs
  29 orcs
  7 ball pythons
  9 endoplasms
  14 giant cockroaches
  A gnoll zombie (Ossuary)
  8 hobgoblins
  3 jackals (D:4)
  11 quokkas
  5 bats
  19 frilled lizards
  11 goblins
  2 goblin zombies (Ossuary)
  A hobgoblin zombie (Ossuary)
  6 jackal zombies (Ossuary)
  7 kobolds
  5 kobold zombies (Ossuary)
  5 orc zombies (Ossuary)
  5 quokka zombies (Ossuary)
  3 rats
  2 rat zombies (Ossuary)
254 creatures vanquished.

Vanquished Creatures (collateral kills)
  2 orc knights (D:10)
  Joseph (D:7)
  A shadow (D:10)
  2 yaks (D:8)
  A steam dragon (D:8)
  A water moccasin (D:8)
  An acid dragon (D:8)
  4 orc warriors
  2 ice beasts
  3 bullfrogs (D:8)
  3 wights
  3 killer bees (D:7)
  A jelly (D:8)
  3 orc priests (D:10)
  2 orc wizards
  19 orcs
49 creatures vanquished.

Vanquished Creatures (others)
  2 battlemagi (D:10)
  An ancestor (D:6)
  A plant (D:8)
4 creatures vanquished.

Grand Total: 307 creatures vanquished

Notes
Turn   | Place    | Note
-------+----------+-------------------------------------------
     0 | D:1      | ChrisAssaf the Felid Transmuter began the quest for the
                  | Orb.
     0 | D:1      | Reached XP level 1. HP: 9/9 MP: 4/4
   323 | D:1      | Found Fekhaen's Magic Scroll Emporium.
   507 | D:1      | Bought a scroll of identify for 22 gold pieces
   507 | D:1      | Bought a scroll of identify for 22 gold pieces
   538 | D:1      | Reached XP level 2. HP: 10/12 MP: 4/6
   779 | D:1      | Learned a level 2 spell: Ensorcelled Hibernation
   904 | D:2      | Reached skill level 1 in Hexes
  1343 | D:2      | Reached XP level 3. HP: 15/15 MP: 2/7
  1347 | D:2      | Learned a level 3 spell: Spider Form
  1514 | D:3      | Reached skill level 1 in Stealth
  2601 | D:2      | Reached XP level 4. HP: 12/19 MP: 0/8
  3115 | D:1      | Bought a scroll of identify for 22 gold pieces
  3115 | D:1      | Bought a scroll of fear for 44 gold pieces
  3115 | D:1      | Bought a scroll of identify for 22 gold pieces
  3384 | D:3      | Reached skill level 1 in Ice Magic
  3390 | D:3      | Reached XP level 5. HP: 19/22 MP: 9/9
  3547 | D:3      | Identified the +0 ring mail "Paqot Gakk" {Str+5}
  3776 | D:3      | Learned a level 3 spell: Frozen Ramparts
  4143 | D:4      | Noticed an ogre
  4155 | D:4      | Found a sand-covered staircase.
  4166 | Ossuary  | Entered an ossuary
  4217 | Ossuary  | Reached skill level 1 in Poison Magic
  4217 | Ossuary  | Gained mutation: You are covered in thick fur. (AC +2)
                  | [Felid growth]
  4217 | Ossuary  | Reached XP level 6. HP: 18/26 MP: 11/11
  4444 | Ossuary  | Reached XP level 7. HP: 22/30 MP: 12/12
  4558 | Ossuary  | Reached skill level 5 in Unarmed Combat
  5188 | D:4      | Learned a level 2 spell: Wereblood
  5318 | D:4      | Noticed Pikel
  5395 | D:4      | Killed Pikel
  5396 | D:4      | Reached XP level 8. HP: 34/34 MP: 14/14
  5663 | D:5      | Entered Level 5 of the Dungeon
  6159 | D:5      | Found a glowing drain.
  6183 | Sewer    | Entered a sewer
  6197 | Sewer    | Reached skill level 5 in Dodging
  6503 | Sewer    | Learned a level 4 spell: Anguish
  6728 | D:5      | Found a hazy altar of Hepliaklqana.
  6742 | D:5      | Became a worshipper of Hepliaklqana the Forgotten
  7250 | D:6      | Reached skill level 1 in Evocations
  7318 | D:6      | HP: 1/34 [acid (10)]
  7319 | D:6      | Splashed by a jelly's acid
  7320 | D:6      | Reached XP level 7. HP: 0/31 MP: 23/23
  7334 | D:6      | Found a staircase to the Ecumenical Temple.
  7353 | D:6      | Reached XP level 8. HP: 30/34 MP: 15/15
  7376 | D:6      | Reached * piety under Hepliaklqana
  7592 | D:6      | Noticed Blork the orc
  7601 | D:6      | Reached skill level 5 in Stealth
  7601 | D:6      | Reached skill level 1 in Necromancy
  7601 | D:6      | Killed Blork the orc
  7839 | D:6      | Learned a level 2 spell: Blink
  8038 | D:6      | Reached skill level 5 in Hexes
  8056 | D:6      | Found Koiff's Magic Scroll Emporium.
  8084 | D:6      | Bought a scroll of identify for 24 gold pieces
  8084 | D:6      | Bought a scroll of identify for 24 gold pieces
  8084 | D:6      | Bought a scroll of identify for 24 gold pieces
  8084 | D:6      | Bought a scroll of identify for 24 gold pieces
  8084 | D:6      | Bought a scroll of butterflies for 48 gold pieces
  8084 | D:6      | Bought a scroll of identify for 24 gold pieces
  8084 | D:6      | Bought a scroll of identify for 24 gold pieces
  8090 | D:6      | Gained mutation: You are partially covered in iridescent
                  | scales. (AC +2) [potion of mutation]
  8090 | D:6      | Gained mutation: Your flesh is cold resistant. (rC+)
                  | [potion of mutation]
  8090 | D:6      | Gained mutation: You have a pair of small antennae on your
                  | head. [potion of mutation]
  8091 | D:6      | Lost mutation: You have a pair of small antennae on your
                  | head. [potion of mutation]
  8091 | D:6      | Lost mutation: You are partially covered in iridescent
                  | scales. (AC +2) [potion of mutation]
  8091 | D:6      | Gained mutation: You sometimes lose your temper in combat.
                  | [potion of mutation]
  8274 | D:7      | Noticed a troll
  8281 | D:7      | Killed a troll
  8285 | D:7      | You fall into a shaft and drop 3 floors!
  8285 | D:10     | Entered Level 10 of the Dungeon
  8285 | D:10     | Found a glowing silver altar of Zin.
  8302 | D:10     | Reached skill level 1 in Translocations
  8361 | D:9      | Noticed a troll
  8369 | D:9      | Mangled by a troll
  8370 | D:9      | Reached XP level 7. HP: -6/27 MP: 23/23
  8393 | D:9      | Reached XP level 8. HP: 31/31 MP: 15/15
  8399 | D:9      | Reached skill level 1 in Invocations
  8609 | D:7      | Reached skill level 5 in Transmutations
  8623 | D:7      | Reached XP level 9. HP: 35/35 MP: 16/17
  8660 | D:7      | Noticed Joseph
  8680 | D:7      | Reached ** piety under Hepliaklqana
  8697 | D:7      | Remembered your ancestor Nelson as a battlemage
  8713 | D:7      | Reached skill level 5 in Spellcasting
  9189 | D:7      | Killed Joseph
  9372 | D:8      | Noticed Maurice
  9905 | D:8      | Reached XP level 10. HP: 34/38 MP: 19/19
  9916 | D:8      | Found Utain's Hydra Hut.
  9948 | D:8      | Noticed a six-headed hydra
 10076 | D:8      | Found a glowing golden altar of the Shining One.
 10086 | D:8      | Paralysed by Maurice for 2 turns
 10096 | D:8      | Killed Maurice
 10200 | D:8      | Found a stormy altar of Qazlal.
 10306 | D:9      | Found a broken altar of Ashenzari.
 10400 | D:9      | Learned a level 5 spell: Fireball
 10855 | D:9      | Reached *** piety under Hepliaklqana
 10859 | D:9      | Noticed Erica
 10869 | D:9      | Killed by an exploding butterfly... ignited by their inner
                  | flame
 10870 | D:9      | Reached XP level 9. HP: -11/34 MP: 27/27
 10870 | D:9      | Killed Erica
 11363 | D:10     | Noticed a troll
 11373 | D:10     | Killed a troll
 11390 | D:10     | Lost mutation: You sometimes lose your temper in combat.
                  | [potion of mutation]
 11390 | D:10     | Lost mutation: Your flesh is cold resistant. (rC+) [potion
                  | of mutation]
 11390 | D:10     | Gained mutation: Your spells are a little harder to cast,
                  | but a little more powerful. [potion of mutation]
 11648 | D:10     | Noticed an unseen horror
 11680 | D:10     | Reached skill level 1 in Conjurations
 11680 | D:10     | Reached XP level 10. HP: 30/38 MP: 19/19
 11682 | D:10     | Noticed an orc knight
 11684 | D:10     | Noticed an orc knight
 11688 | D:10     | Killed an orc knight
 11702 | D:10     | Reached skill level 1 in Fire Magic
 11728 | D:10     | Found a staircase to the Orcish Mines.
 11844 | D:10     | Killed an orc knight
 11910 | D:10     | Noticed a wizard
 11911 | D:10     | Noticed a wizard
 11921 | D:10     | Banished a wizard
 11927 | D:10     | Killed a wizard
 11940 | D:10     | Got the Encyclopedia of Plaster Cramp
 11945 | D:10     | Noticed a wizard
 11947 | D:10     | Noticed a deep elf pyromancer
 11949 | Abyss:3  | Cast into level 3 of the Abyss (a wizard)
 11968 | Abyss:3  | Noticed a balrug
 11974 | Abyss:3  | HP: 1/38 [balrug/+0 demon whip of pain (25)]
 11974 | Abyss:3  | Slain by a balrug

Illustrated notes

Levels and vault maps discovered:
D:1:      amcnicky_arrival_feature_with_door, layout_rooms, serial_curves,
          eino_curves_02, eino_curves_03, serial_shops, nicolae_shop_stone,
          corner_web_ring
D:2:      cheibrodos_greedy_goblins, layout_basic, serial_corexii_hall,
          corexii_hall_statues_i, chequers_hall_statues_wall_a,
          minmay_crystal_room, minmay_lizard_pond, uniq_crazy_yiuf_cottage,
          uniq_natasha
D:3:      layout_basic, minivault_5
D:4:      layout_loops_corners, lightli_ossuary_entry_decrepit_ruins, uniq_pikel
D:5:      layout_loops_corners, nicolae_hepliaklqana_hazy_memory,
          gup_sewer_entry_pipe
D:6:      layout_basic, minmay_temple_entry_proselytizer, serial_shops, shop,
          corexii_checkpoint_b, uniq_blork_the_orc
D:7:      layout_basic, uniq_joseph
D:8:      layout_rooms, marbit_many_paths, mainiacjoe_overflow_cross_hatched,
          hangedman_decor_slide_cut, doesnt_shop_hydraphobe, uniq_maurice
D:9:      layout_basic, evilmike_ruin_ashenzari, uniq_erica
D:10:     layout_cave_pods, mainiacjoe_overflow_paths,
          mainiacjoe_overflow_catwalk_spiral, david_orc_5,
          bh_hangedman_babel_library
Abyss:3:  base: D:10, patterned_corridor, guppyfry_abyss_exit_imp_island,
          serial_sigils_hangedman_gut, hangedman_abyss_or_decor_clamps

Skill      XL: |  1  2  3  4  5  6  7  8  9 10 |
---------------+-------------------------------+-----
Hexes          | 1 2 3 5 6 |  6.9
Dodging        | 3 4 5 6 |  6.9
Stealth        | 1 2 3 6 7 |  7.7
Ice Magic      | 1 3 4 |  4.0
Unarmed Combat | 4 5 7 |  7.9
Poison Magic   | 1 2 3 4 |  4.2
Fighting       | 2 3 4 |  4.8
Transmutations | 3 5 |  5.8
Spellcasting   | 3 4 5 6 |  6.0
Evocations     | 2 3 |  3.7
Necromancy     | 2 3 |  3.4
Translocations | 2 4 |  4.5
Invocations    | 1 2 3 |  3.0
Conjurations   | 1 |  1.3
Fire Magic     | 1 |  1.1

Action                   |  1- 3 |  4- 6 |  7- 9 | 10-12 || total
-------------------------+-------+-------+-------+-------++-------
Melee: Unarmed           |    97 |   199 |   349 |    53 ||   698
       Headbutt          |    11 |    45 |    52 |     3 ||   111
       Bite              |     6 |    19 |    36 |     2 ||    63
       Punch             |     1 |     6 |     8 |     2 ||    17
 Cast: Beastly Appendage |    16 |    22 |    41 |     4 ||    83
       Ensorcelled Hiber |    10 |     4 |    35 |     4 ||    53
       Spider Form       |     4 |     4 |    12 |     6 ||    26
       Frozen Ramparts   |       |       |     7 |     1 ||     8
       Anguish           |       |       |     2 |     1 ||     3
Invok: Recall Ancestor   |       |       |     9 |     5 ||    14
       Ancestor Identity |       |       |     1 |       ||     1
       Ancestor Life: Ba |       |       |     1 |       ||     1
Evoke: Wand              |       |       |    24 |    15 ||    39
  Use: Scroll            |     6 |     3 |    16 |     4 ||    29
       Potion            |     2 |       |    10 |       ||    12
 Stab: Sleeping          |     7 |     3 |    30 |     2 ||    42
       Paralysed         |       |       |     5 |     3 ||     8
       Distracted        |       |       |     3 |       ||     3
Armor: Skin              |     9 |    14 |    16 |     2 ||    41
Dodge: Dodged            |   104 |   217 |   395 |    62 ||   778
